 Dungeon Crawl Stone Soup version 0.29.1-15-g9cfb28693d (webtiles) character file.

Game seed: 1604999656886551615

2513 pparamo97 the Geomancer (level 9, -4/67 HPs)
             Began as a Gargoyle Earth Elementalist on Apr 29, 2023.
             Was a Believer of Vehumet.
             Slain by a wight
             ... wielding a +4 flail
              (8 damage)
             ... on level 7 of the Dungeon on Apr 30, 2023.
             The game lasted 00:50:14 (8219 turns).

pparamo97 the Geomancer (GrEE)                      Turns: 8219, Time: 00:50:14

Health: -4/67      AC: 24    Str: 11    XL:     9   Next: 53%
Magic:  0/15       EV:  2    Int: 24    God:    Vehumet [**....]
Gold:   237        SH:  0    Dex:  9    Spells: 13/18 levels left

rFire   + . .      SeeInvis .   f - +0 flail (protect)
rCold   x . .      Faith    +   (no shield)
rNeg    + . .      Spirit   .   (body armour currently unavailable)
rPois   ∞          Reflect  .   (helmet currently unavailable)
rElec   .          Harm     .   (cloak currently unavailable)
rCorr   .          Rampage  .   (gloves currently unavailable)
Will    .....      NoTele   +   (boots currently unavailable)
Stlth   ++........              j - amulet of faith
HPRegen 0.21/turn               u - ring of fire
MPRegen 0.14/turn               (no ring)

@: tree-form, studying Staves
A: stationary, stasis, torment immunity, boosted hp, sickness immunity, AC +6,
negative energy resistance 1, (electricity resistance), torment resistance 1,
petrification resistance, clever 1, low MP 1
a: Renounce Religion


You were on level 7 of the Dungeon.
You worshipped Vehumet.
Vehumet was pleased with you.
You were a tree.
You visited 2 branches of the dungeon, and saw 8 of its levels.

You collected 237 gold pieces.

Inventory:

Hand Weapons
 f - a +0 flail of protection (weapon)
Missiles
 C - a throwing net
Armour
 m - a +0 cloak (melded)
 t - a +0 pair of gloves (melded)
 y - a +2 robe of positive energy (melded)
Jewellery
 j - an amulet of faith (around neck)
 u - a ring of fire (left branch)
 A - an amulet of regeneration
 B - a ring of positive energy
Wands
 x - a wand of flame (6) (quivered)
 z - a wand of quicksilver (7)
Scrolls
 a - a scroll of amnesia {unknown}
 b - 2 scrolls of blinking {unknown}
 e - 5 scrolls of teleportation
 g - a scroll of acquirement {unknown}
 h - 5 scrolls of poison {unknown}
 k - 3 scrolls of immolation {unknown}
 l - 2 scrolls of butterflies {unknown}
 o - 2 scrolls of magic mapping {unknown}
 w - a scroll of enchant armour {unknown}
Potions
 c - 4 potions of flight
 d - a potion of lignification
 i - 2 potions of degeneration
 n - 2 potions of brilliance {unknown}
 p - 2 potions of mutation
 q - a potion of attraction {unknown}
 r - a potion of berserk rage {unknown}
 s - a potion of might {unknown}
 v - 2 potions of ambrosia {unknown}


   Skills:
 - Level 2.0 Maces & Flails
 - Level 3.0 Dodging
 - Level 2.1 Stealth
 + Level 5.2 Spellcasting
 + Level 7.9 Conjurations
 - Level 0.7 Transmutations
 - Level 0.4 Ice Magic
 + Level 10.0 Earth Magic


You had 13 spell levels left.
You knew the following spells:

 Your Spells              Type           Power      Damage    Failure   Level
a - Sandblast             Erth           100%       2d20      1%          1
b - Stone Arrow           Conj/Erth      98%        3d13      1%          3
c - Freeze                Ice            32%        1d5       7%          1

Your spell library contained the following spells:

 Spells                   Type           Power      Damage    Failure   Level
 Static Discharge         Conj/Air       25%        3-7/arc   2%          2
 Passwall                 Tmut/Erth      26%        N/A       1%          2
 Petrify                  Tmut/Erth      32%        N/A       10%         4
 Hailstorm                Conj/Ice       26%        3d7       16%         4
 Frozen Ramparts          Ice            16%        1d3       22%         3
 Gell's Gravitas          Tloc           6%         N/A       26%         3
 Lesser Beckoning         Tloc           6%         N/A       26%         3
 Teleport Other           Tloc           6%         N/A       26%         3


Dungeon Overview and Level Annotations

Branches:
Dungeon (7/15)             Temple (1/1) D:4

Altars:
Ashenzari
Dithmenos
Elyvilon
Gozag
Hepliaklqana
Makhleb
Nemelex Xobeh
Uskayaw
Vehumet
Zin
The Shining One

Shops:
D:4 (   D:5 [

Annotations:
D:6 3 runed translucent doors, Wkid's ghost, amateur DjDe


Innate Abilities, Weirdness & Mutations

You are a tree.
Your roots penetrate the ground, keeping you stationary.
You cannot be teleported.
You are immune to unholy pain and torment.
Your maximum health is greatly increased.
Your equipment is partially melded.
You are immune to sickness and miasma.
((Your stone body is resilient. (AC +6)))
You are immune to poison.
You resist negative energy. (rN+)
((You are resistant to electric shocks. (rElec)))
You are resistant to unholy torment.
You are immune to petrification.
Your mind is acute. (Int +4, Str/Dex -1)
Your magical capacity is low. (-10% MP)


Message History

The killer bee stings you but does no damage.
Aiming: Throw Flame
Press: ? - help, Q - select action, (/) - cycle Shift-Dir - straight line, f/p - killer bee
Aim: a killer bee (39% to hit)
The puff of flame hits the killer bee.
The killer bee is moderately wounded.
The killer bee stings you but does no damage.
The wight hits you with a +4 flail.
* * * LOW HITPOINT WARNING * * *
The killer bee stings you but does no damage.
Okay, then.
You cannot teleport because you are held in place by your roots.
It was a potion of mutation.
You feel extremely strange.
You feel less energetic.
You feel clever.
The killer bee stings you but does no damage.
The wight hits you but does no damage. The killer bee completely misses you.
Aiming: Throw Flame
Press: ? - help, Q - select action, (/) - cycle Shift-Dir - straight line, f/p - killer bee
Aim: a killer bee (moderately wounded, 39% to hit)
The puff of flame hits the killer bee.
The killer bee is moderately wounded.
The killer bee barely misses you. The wight hits you with a +4 flail.
* * * LOW HITPOINT WARNING * * *
The killer bee stings you but does no damage.
Aiming: Sandblast (safe; 1% risk of failure)
Press: ? - help, Q - select action, (/) - cycle Shift-Dir - straight line, f/p - killer bee
Aim: a killer bee (moderately wounded, 70% to hit)
The blast of sand hits the killer bee!!
You kill the killer bee!
Vehumet accepts your kill. The wight hits you with a +4 flail.
* * * LOW HITPOINT WARNING * * *
The wight hits you but does no damage.
Aiming: Throw Flame
Press: ? - help, Q - select action, (/) - cycle Shift-Dir - straight line, f - wight
Aim: a wight, wielding a +4 flail and wearing a +0 robe (68% to hit)
The puff of flame hits the wight.
The wight is moderately damaged.
The wight hits you with a +4 flail!
You die...

#...<#....# #....#....#
#....#....# #....#....# .
###.####.## .8
...####.####.###### ..$
..................###...#
.................†.......
................♣.....?..
................z†.!.....
5.##.############).##..##
..##. #).# # ..#.. )...+
..# ....# ..# .....# ###
.##.## # ## ##


You could see a wight.

Vanquished Creatures
  Grinder (D:6)
  A wyvern (D:7)
  A steam dragon (D:6)
  A water moccasin (D:6)
  An orc warrior (D:6)
  A black bear (D:6)
  3 ogres
  A centaur (D:6)
  A phantom (D:6)
  3 scorpions
  A necrophage (D:6)
  A gnoll sergeant (D:5)
  4 wights (D:7)
  3 killer bees (D:7)
  3 hounds
  2 gnoll boudas
  A jelly (D:6)
  An orc priest (D:6)
  2 iguanas (D:5)
  6 orc wizards
  8 gnolls
  14 adders
  A white imp (D:6)
  3 ufetubi
  A worm (D:2)
  2 dart slugs (D:4)
  22 orcs
  7 endoplasms
  2 giant cockroaches
  3 hobgoblins
  2 jackals (D:2)
  2 quokkas
  8 ball pythons
  5 bats
  5 frilled lizards
  6 goblins
  8 kobolds
  3 rats (D:1)
140 creatures vanquished.

Vanquished Creatures (others)
  2 fungi (D:2)
2 creatures vanquished.

Grand Total: 142 creatures vanquished

Notes
Turn   | Place    | Note
-------+----------+-------------------------------------------
     0 | D:1      | pparamo97 the Gargoyle Earth Elementalist began the quest
                  | for the Orb.
     0 | D:1      | Reached XP level 1. HP: 10/10 MP: 3/3
   160 | D:1      | Reached XP level 2. HP: 15/15 MP: 3/5
   184 | D:1      | Reached skill level 4 in Earth Magic
   667 | D:1      | Reached XP level 3. HP: 2/19 MP: 1/7
  1438 | D:2      | Reached XP level 4. HP: 24/24 MP: 6/8
  1450 | D:2      | Learned a level 3 spell: Stone Arrow
  1568 | D:2      | Identified the +6 dagger of Honour {vorpal, rC+ rN+ Stlth+}
  1576 | D:2      | Learned a level 1 spell: Freeze
  1789 | D:3      | Reached skill level 5 in Earth Magic
  2184 | D:3      | Reached skill level 1 in Conjurations
  2184 | D:3      | Reached XP level 5. HP: 28/28 MP: 8/10
  3062 | D:4      | Found Umett's Weapon Shoppe.
  3063 | D:4      | You fall into a shaft and drop 1 floor!
  3063 | D:5      | Entered Level 5 of the Dungeon
  3086 | D:5      | Reached XP level 6. HP: 27/32 MP: 4/11
  3275 | D:4      | Found a staircase to the Ecumenical Temple.
  3483 | D:4      | Reached skill level 6 in Earth Magic
  3720 | Temple   | Entered the Ecumenical Temple
  3739 | Temple   | Became a worshipper of Vehumet
  4108 | D:5      | Reached XP level 7. HP: 36/36 MP: 6/13
  4424 | D:5      | Found Dobrynya's Dragon-Slaying Spoils.
  4506 | D:5      | Reached skill level 1 in Maces & Flails
  4639 | D:5      | HP: 1/36 [gnoll bouda/+0 club (9)]
  5300 | D:5      | Reached * piety under Vehumet
  5300 | D:5      | Offered knowledge of Shock by Vehumet.
  5301 | D:5      | Reached skill level 7 in Earth Magic
  5301 | D:5      | Reached XP level 8. HP: 41/41 MP: 10/14
  5466 | D:5      | HP: 2/41 [gnoll/+0 halberd[a gnoll sergeant] (3)]
  6267 | D:6      | Reached skill level 5 in Conjurations
  6281 | D:6      | Noticed Grinder
  6305 | D:6      | Reached skill level 8 in Earth Magic
  6699 | D:6      | Killed Grinder
  6842 | D:6      | Reached skill level 9 in Earth Magic
  6842 | D:6      | Reached XP level 9. HP: 33/45 MP: 5/15
  7406 | D:6      | Offered knowledge of Static Discharge by Vehumet.
  7408 | D:6      | Reached ** piety under Vehumet
  7553 | D:6      | Found a runed translucent gate.
  7554 | D:6      | Noticed Wkid's ghost (amateur DjDe)
  7555 | D:6      | Found a runed translucent gate.
  7556 | D:6      | Found a runed translucent gate.
  8200 | D:7      | Reached skill level 5 in Spellcasting
  8214 | D:7      | Reached skill level 10 in Earth Magic
  8216 | D:7      | Gained mutation: Your magical capacity is low. (-10% MP)
                  | [potion of mutation]
  8216 | D:7      | Gained mutation: Your mind is acute. (Int +4, Str/Dex -1)
                  | [potion of mutation]
  8219 | D:7      | Slain by a wight

Illustrated notes

Levels and vault maps discovered:
D:1:      co_arrival_random_square_maze, layout_basic
D:2:      layout_basic, hangedman_decor_growths, dreamdust_mushroom_princess
D:3:      layout_basic, chequers_garden
D:4:      layout_rooms, minmay_temple_entry_mini_moons, serial_shops,
          nicolae_shop_temple_entry_statues_fountains
D:5:      layout_rooms, serial_corexii_hall, corexii_hall_statues_u,
          corexii_hall_statues_deadend, nicolae_shop_dragon_depot,
          minmay_pentangle
D:6:      layout_cave_pools, biasface_ghost_orc_armoury, uniq_grinder
D:7:      layout_gridville, nicolae_overflows_in_rows, minivault_14,
          chequers_serial_rivers_marsh, uniq_pikel, uniq_prince_ribbit1,
          uniq_duvessa
Temple:   chequers_temple_sunken

Skill      XL: |  1  2  3  4  5  6  7  8  9 |
---------------+----------------------------+-----
Earth Magic    | 4 5 6 7 9 10 | 10.0
Spellcasting   | 3 4 5 |  5.2
Conjurations   | 1 2 3 4 6 7 |  7.9
Maces & Flails | 2 |  2.0
Dodging        | 2 3 |  3.0
Stealth        | |  2.1
Transmutations | |  0.7
Ice Magic      | |  0.4

Action                   |  1- 3 |  4- 6 |  7- 9 || total
-------------------------+-------+-------+-------++-------
Melee: Club              |     8 |       |       ||     8
       Staff             |       |     2 |       ||     2
       Flail             |       |    19 |    16 ||    35
 Cast: Sandblast         |    46 |    55 |    20 ||   121
       Freeze            |       |     1 |       ||     1
       Stone Arrow       |       |    28 |    79 ||   107
Evoke: Wand              |       |       |    20 ||    20
  Use: Potion            |     1 |     2 |     3 ||     6
       Scroll            |       |     6 |     1 ||     7
Armor: Robe              |    20 |    30 |    29 ||    79
       Skin              |       |       |    27 ||    27
Dodge: Dodged            |    28 |    37 |    53 ||   118
